 Dungeon Crawl Stone Soup version 0.23-a0-767-gdc19b93 (webtiles) character file.

41471 silenth the Severer (level 14, -4/157 HPs)
             Began as an Ogre Berserker on Jan 19, 2019.
             Was a High Priest of Trog.
             Slain by a large slime creature (34 damage)
             ... on level 6 of the Lair of Beasts.
             The game lasted 00:30:34 (17360 turns).

silenth the Severer (Ogre Berserker)               Turns: 17360, Time: 00:30:35

Health: -4/157     AC: 16    Str: 24    XL:     14   Next: 15%
Magic:  16/16      EV: 13    Int:  8    God:    Trog [*****.]
Gold:   730        SH:  0    Dex: 12    Spells: 13/13 levels left

rFire    . . .     SeeInvis .   z - +1 executioner's axe (flame)
rCold    . . .     Gourm    .   (shield currently unavailable)
rNeg     . . .     Faith    +   D - +1 troll leather armour
rPois    +         Spirit   .   t - +1 hat
rElec    .         Reflect  .   q - +2 cloak
rCorr    .         Harm     .   (gloves unavailable)
MR       +....                  (boots unavailable)
Stlth    ++........             X - amulet of faith
HPRegen  0.76/turn              f - +5 ring of protection
MPRegen  0.15/turn              N - ring of poison resistance

@: no status effects
A: large, unfitting armour, tough skin 1
a: Berserk, Trog's Hand, Brothers in Arms, Renounce Religion


You were on level 6 of the Lair of Beasts.
You worshipped Trog.
Trog was extremely pleased with you.
You were not hungry.

You visited 3 branches of the dungeon, and saw 18 of its levels.
You also visited: Volcano.

You collected 1290 gold pieces.
You spent 560 gold pieces at shops.

Inventory:

Hand Weapons
 a - a +1 war axe of freezing
 b - a +0 blowgun
 w - a +4 dire flail of crushing
 z - a +1 executioner's axe of flaming (weapon)
 P - the +4 hand axe of Enashril {antimagic, rF+ MP+9 Str-3}
   (You found it on level 8 of the Dungeon)

   It reduces the magical energy of the wielder, and disrupts the spells and
   magical abilities of those hit.
   Natural abilities and divine invocations are not affected.
   It affects your strength (-3).
   It protects you from fire.
   It affects your magic capacity (+9).
Missiles
 c - 5 needles of paralysis
 h - 8 javelins of penetration
 A - 8 poisoned javelins
 E - 3 exploding tomahawks
 F - 5 tomahawks of returning (quivered)
 M - 72 poisoned needles
 S - 6 curare-tipped needles
 V - 6 throwing nets
 W - 9 large rocks
Armour
 q - a +2 cloak (worn)
 t - a +1 hat (worn)
 D - a +1 troll leather armour (worn)
Jewellery
 f - a +5 ring of protection (left hand)
 H - an uncursed ring of flight
 N - a ring of poison resistance (right hand)
 X - an amulet of faith (around neck)
Wands
 j - a wand of disintegration (44)
 p - a wand of flame (8)
 I - a wand of polymorph (9)
 J - a wand of iceblast (18)
 T - a wand of digging (6)
Scrolls
 d - 2 scrolls of immolation
 k - 3 scrolls of magic mapping
 m - 2 scrolls of blinking
 r - 11 scrolls of remove curse
 v - 5 scrolls of teleportation
Potions
 g - a potion of mutation
 i - 10 potions of curing
 l - 3 potions of flight {unknown}
 n - 4 potions of agility {unknown}
 o - 3 potions of berserk rage
 u - 6 potions of heal wounds {unknown}
 B - 2 potions of lignification
 G - 2 potions of resistance
 L - 4 potions of might {unknown}
 O - a potion of cancellation
 R - 3 potions of brilliance {unknown}
 U - a potion of magic
Miscellaneous
 s - a phial of floods
 x - a fan of gales
Comestibles
 e - 20 rations
 C - 5 chunks of flesh


   Skills:
 + Level 14.9 Fighting
 * Level 15.9 Axes
 + Level 7.4 Throwing
 - Level 5.0 Armour
 - Level 6.8 Dodging
 - Level 3.0 Stealth
 - Level 3.0 Evocations


You had 13 spell levels left.
You didn't know any spells.
Your spell library contained the following spells:

 Spells                   Type           Power        Failure   Level  Hunger
 Animate Skeleton         Necr           N/A          43%         1    ##.....
 Apportation              Tloc           #.....       43%         1    ##.....
 Confusing Touch          Hex            #.....       43%         1    ##.....
 Flame Tongue             Conj/Fire      #....        43%         1    ##.....
 Summon Small Mammal      Summ           #...         43%         1    ##.....
 Throw Flame              Conj/Fire      #.....       58%         2    ###....
 Conjure Flame            Conj/Fire      #.......     82%         3    ####...
 Inner Flame              Hex/Fire       #.......     82%         3    ####...
 Sticky Flame             Conj/Fire      #.......     99%         4    #####..
 Fireball                 Conj/Fire      #.........   100%        5    ######.


Dungeon Overview and Level Annotations

Branches:
Dungeon (11/15)            Temple (1/1) D:4            Lair (6/6) D:10
 Shoals (0/4) Lair:4        Snake (0/4) Lair:2          Orc (0/2) D:9
  Slime: Lair:5-6

Altars:
Fedhas
Hepliaklqana
Makhleb
Nemelex Xobeh
Ru
Trog
Uskayaw
Vehumet
Xom
Yredelemnul
The Shining One

Shops:
D:4 *=

Annotations:
D:6 2 transporters, avis's ghost, novice OpIE


Innate Abilities, Weirdness & Mutations

You are too large for most types of armour.
You have tough skin. (AC +1)


Message History

The plant is destroyed!
Two slime creatures merge to form a large slime creature.
The yak gores you.
You hit the large slime creature. You burn the large slime creature.
The large slime creature is lightly wounded.
You slash the yak! You burn the yak. The yak gores you but does no damage.
The yak gores the plant!
You slice the large slime creature!! You burn the large slime creature.
The large slime creature is moderately wounded.
You barely miss the yak. The large slime creature hits you!!
* * * LOW HITPOINT WARNING * * *
You slice the large slime creature!! You burn the large slime creature.
The large slime creature is heavily wounded.
You completely miss the yak. You hit the yak. You burn the yak.
The yak gores you.
* * * LOW HITPOINT WARNING * * *
The yak gores you.
* * * LOW HITPOINT WARNING * * *
The large slime creature hits you!!
You die...

## #..P.#
#....## #
##.....# .#
#..P..## #.#.
##.PPPP##....
##P.PP.......
#P.PPP.......
##...YY.......
#....@JJ......
#....##.##....
#...P# ## ...▒
######


You could see a large slime creature, 2 yaks and a jelly.

Vanquished Creatures
  2 hydras
  An unseen horror (D:11)
  A manticore (Lair:4)
  2 ugly things (Volcano)
  8 elephants (Lair:6)
  A black mamba (Lair:4)
  A molten gargoyle (Volcano)
  7 spiny frogs
  A rime drake (Lair:5)
  A gargoyle (D:11)
  3 komodo dragons
  A troll (D:9)
  A polar bear (Lair:6)
  A slime creature (Lair:6)
  4 blink frogs (Lair:3)
  8 dream sheep
  A hornet (D:10)
  11 hippogriffs
  Sigmund (D:3)
  4 wyverns
  A vampire (D:11)
  A wraith (D:11)
  36 yaks
  5 fire bats (Volcano)
  Menkaure (D:4)
  2 wargs (D:10)
  2 nagas (Lair:2)
  Edmund (D:6)
  8 water moccasins
  A hell hound (Volcano)
  Duvessa (D:7)
  6 porcupines
  2 orc warriors (D:9)
  3 ice beasts
  A black bear (D:8)
  2 sky beasts
  A swamp drake (D:9)
  6 ogres
  A phantom (D:4)
  4 centaurs
  7 crocodiles
  9 wolves
  2 big kobolds (D:10)
  8 bullfrogs
  Dowan (D:7)
  11 killer bees
  4 scorpions
  4 wights (D:11)
  3 electric eels
  5 crimson imps
  2 centaur zombies
  3 lava snakes (Volcano)
  A quasit (D:7)
  A bullfrog zombie (D:5)
  4 jellies (D:8)
  Crazy Yiuf (D:2)
  A centaur skeleton (D:4)
  4 orc priests
  4 bullfrog skeletons
  9 orc wizards
  3 hounds (D:5)
  4 iguanas
  7 worker ants
  4 gnolls (D:6)
  12 adders
  3 shadow imps
  7 oozes
  2 worms
  A dart slug (D:3)
  5 leopard geckos
  44 orcs
  2 ball pythons
  5 giant cockroaches
  7 goblins
  6 hobgoblins
  14 jackals
  3 quokkas
  9 bats
  6 frilled lizards
  A jackal skeleton (D:4)
  12 kobolds
  10 rats
  2 fungi (Lair:2)
  4 plants
402 creatures vanquished.

Vanquished Creatures (collateral kills)
  A hydra (Lair:5)
  Harold (D:10)
  Erica (D:10)
  An orc sorcerer (Volcano)
  An ugly thing (D:11)
  A molten gargoyle (Volcano)
  A smoke demon (Volcano)
  A red devil (Volcano)
  6 dream sheep (Lair:5)
  A crocodile (Lair:5)
15 creatures vanquished.

Vanquished Creatures (others)
  A worker ant (D:10)
  5 fungi
  3 plants
9 creatures vanquished.

Grand Total: 426 creatures vanquished

Notes
Turn   | Place    | Note
-------+----------+-------------------------------------------
     0 | D:1      | silenth the Ogre Berserker began the quest for the Orb.
     0 | D:1      | Reached XP level 1. HP: 24/24 MP: 1/1
   397 | D:1      | Reached XP level 2. HP: 32/32 MP: 2/2
  1143 | D:2      | Reached XP level 3. HP: 38/40 MP: 3/3
  1203 | D:2      | Reached ** piety under Trog
  1234 | D:2      | Reached skill level 4 in Axes
  1424 | D:2      | Found a runed door.
  1428 | D:2      | Noticed Crazy Yiuf
  1438 | D:2      | Killed Crazy Yiuf
  1438 | D:2      | Reached XP level 4. HP: 49/49 MP: 4/4
  1494 | D:2      | Reached skill level 5 in Fighting
  1637 | D:2      | Found a hide-covered altar of Uskayaw.
  1657 | D:2      | Found a bloodstained altar of Trog.
  1686 | D:2      | Found a burning altar of Makhleb.
  1774 | D:2      | Reached XP level 5. HP: 57/57 MP: 5/5
  1795 | D:2      | Found a basalt altar of Yredelemnul.
  1874 | D:3      | Noticed Sigmund
  1900 | D:3      | Killed Sigmund
  1900 | D:3      | Reached skill level 6 in Fighting
  1900 | D:3      | Reached skill level 5 in Axes
  1900 | D:3      | Reached XP level 6. HP: 47/67 MP: 6/6
  2200 | D:3      | Reached skill level 6 in Axes
  2598 | D:4      | Found Felas's Jewellery Boutique.
  2602 | D:4      | Reached *** piety under Trog
  2650 | D:4      | Found a sacrificial altar of Ru.
  2684 | D:4      | Found a staircase to the Ecumenical Temple.
  2701 | Temple   | Entered the Ecumenical Temple
  2724 | D:4      | Noticed a phantom
  2738 | D:4      | Killed a phantom
  2738 | D:4      | Reached XP level 7. HP: 76/76 MP: 7/7
  2788 | D:4      | Noticed Menkaure
  2797 | D:4      | Killed Menkaure
  2797 | D:4      | Reached skill level 7 in Fighting
  2797 | D:4      | Reached skill level 7 in Axes
  2879 | D:4      | Found a hazy altar of Hepliaklqana.
  2880 | D:4      | Found a shimmering altar of Xom.
  2888 | D:4      | Noticed a spectral ugly thing
  3311 | D:4      | Reached XP level 8. HP: 88/88 MP: 8/8
  3486 | D:4      | Reached skill level 8 in Axes
  3634 | D:4      | Found Loblet's Elemental Accessories.
  3653 | D:4      | Reached skill level 8 in Fighting
  4202 | D:5      | Entered Level 5 of the Dungeon
  4550 | D:5      | Reached skill level 9 in Axes
  4664 | D:5      | Found a sparkling altar of Nemelex Xobeh.
  4969 | D:6      | Reached skill level 9 in Fighting
  5035 | D:6      | Found a radiant altar of Vehumet.
  5096 | D:6      | Found a transporter.
  5096 | D:6      | Noticed a queen bee
  5100 | D:6      | Found a transporter.
  5100 | D:6      | Noticed avis's ghost (novice OpIE)
  5500 | D:6      | Noticed Edmund
  5514 | D:6      | Killed Edmund
  5514 | D:6      | Reached XP level 9. HP: 98/98 MP: 9/9
  6022 | D:7      | Reached skill level 10 in Axes
  6678 | D:7      | Reached skill level 10 in Fighting
  6758 | D:7      | Noticed Duvessa
  6759 | D:7      | Noticed Dowan
  6772 | D:7      | Killed Duvessa
  6775 | D:7      | Killed Dowan
  7213 | D:8      | Found Dumuttug's Antique Armour Shop.
  7315 | D:8      | Got a dazzling hand axe
  7383 | D:8      | Identified the +4 hand axe of Enashril {antimagic, rF+ MP+9
                  | Str-3} (You found it on level 8 of the Dungeon)
  7475 | D:8      | Reached **** piety under Trog
  7528 | D:8      | Reached skill level 11 in Axes
  7736 | D:8      | Found a blossoming altar of Fedhas.
  8016 | D:8      | Reached skill level 11 in Fighting
  8016 | D:8      | Reached XP level 10. HP: 56/113 MP: 10/10
  8816 | D:9      | Received a gift from Trog
  8864 | D:9      | Found a staircase to the Orcish Mines.
  8895 | D:9      | Reached skill level 12 in Axes
  8895 | D:9      | Reached skill level 1 in Evocations
  9209 | D:10     | Entered Level 10 of the Dungeon
  9267 | D:10     | Paralysed by a hornet for 3 turns
  9416 | D:10     | Reached skill level 2 in Evocations
  9436 | D:10     | Reached ***** piety under Trog
  9523 | D:10     | Found a staircase to the Lair.
  9609 | D:10     | Reached skill level 12 in Fighting
  9679 | D:10     | Noticed Erica
  9704 | D:10     | Noticed Harold
  9706 | D:10     | Killed Erica
  9706 | D:10     | Reached skill level 1 in Throwing
  9706 | D:10     | Reached skill level 1 in Stealth
  9711 | D:10     | Killed Harold
  9711 | D:10     | Reached skill level 3 in Evocations
  9711 | D:10     | Reached XP level 11. HP: 40/123 MP: 13/13
 10345 | D:11     | Reached skill level 2 in Throwing
 10643 | D:4      | Bought an uncursed amulet of faith for 560 gold pieces
 10778 | D:11     | Noticed a cyan ugly thing
 10795 | D:11     | Killed a cyan ugly thing
 10795 | D:11     | Reached skill level 13 in Axes
 10981 | D:11     | Killed an unseen horror
 10981 | D:11     | Reached skill level 2 in Stealth
 11186 | D:11     | Found a glowing golden altar of the Shining One.
 11219 | D:11     | Reached skill level 3 in Throwing
 11372 | D:11     | Received a gift from Trog
 11769 | D:11     | Received a gift from Trog
 11949 | Lair:1   | Entered Level 1 of the Lair of Beasts
 11986 | Lair:1   | Reached skill level 6 in Throwing
 11986 | Lair:1   | Reached skill level 3 in Armour
 11986 | Lair:1   | Reached skill level 5 in Dodging
 11986 | Lair:1   | Reached XP level 12. HP: 127/133 MP: 14/14
 12040 | Lair:1   | Reached skill level 3 in Stealth
 12231 | Lair:1   | Reached skill level 13 in Fighting
 12393 | Lair:1   | Reached skill level 4 in Armour
 12406 | Lair:1   | Received a gift from Trog
 12656 | Lair:1   | Reached skill level 14 in Axes
 13202 | Lair:2   | Found a staircase to the Snake Pit.
 13212 | Lair:2   | Reached XP level 13. HP: 144/144 MP: 15/15
 14065 | Lair:3   | Received a gift from Trog
 14608 | Lair:4   | Reached skill level 6 in Dodging
 14777 | Lair:4   | Reached skill level 5 in Armour
 14967 | Lair:4   | Received a gift from Trog
 14968 | Lair:4   | Got a faintly glowing hand axe {god gift}
 14969 | Lair:4   | Identified the +5 hand axe "Jessaqej" {freeze, rElec} (Trog
                  | gifted it to you on level 4 of the Lair of Beasts)
 15011 | Lair:4   | Found a staircase to the Shoals.
 15123 | Lair:4   | Reached skill level 14 in Fighting
 15559 | Lair:5   | Found a dark tunnel.
 15598 | Volcano  | Entered a volcano
 15766 | Volcano  | Found a burning altar of Makhleb.
 15772 | Volcano  | Reached skill level 15 in Axes
 16022 | Lair:5   | Got a twisted robe
 16033 | Lair:5   | Identified the +0 robe of the Vacuum {Int+3 Dex-5 Stlth+}
                  | (You found it on level 5 of the Lair of Beasts)
 16937 | Lair:6   | Entered Level 6 of the Lair of Beasts
 17143 | Lair:6   | Reached skill level 7 in Throwing
 17143 | Lair:6   | Reached XP level 14. HP: 97/157 MP: 16/16
 17315 | Lair:6   | Received a gift from Trog
 17360 | Lair:6   | Slain by a large slime creature

Vault maps used:
D:1:      onia_arrival_pyramid
D:2:      nicolae_overflow_quartered_altars, uniq_crazy_yiuf_cottage
D:3:      uniq_sigmund
D:4:      regret_index_temple_of_mockery, lemuel_round_altar,
          minmay_temple_entry_offerings, serial_shops, nicolae_shop_statue_plus,
          first_ration, nicolae_elemental_shop, uniq_menkaure
D:5:      lemuel_round_altar
D:6:      gammafunk_ghost_hive, minivault_14, vehumet_altar_wand_db, uniq_edmund
D:7:      uniq_duvessa
D:8:      fedhas_altar_4, serial_shops, nicolae_shop_waterfront,
          hangedman_little_slice_of_home
D:9:      erik_orc_1
D:10:     erik_lair_orcish_takeover, uniq_erica, uniq_harold
D:11:     basic_altar
Temple:   nicolae_temple_figure_eight
Lair:1:   dpeg_stationary_puzzle
Lair:2:   guppyfry_snake_entry_island
Lair:3:   infiniplex_staircase_pool_2
Lair:4:   minmay_shoals_entry_beasts
Lair:5:   nicolae_volcano_entry_hallway
Lair:6:   grunt_lair_end_beastmaster, minmay_slime_entry_pillars,
          chequers_serial_rivers_room_b, serial_bayou_crossing
Volcano:  volcano_grotto

Skill      XL: |  1  2  3  4  5  6  7  8  9 10 11 12 13 |
---------------+----------------------------------------+-----
Axes           | 4 5 6 7 9 11 12 13 14 15 | 15.9
Fighting       | 5 6 7 9 11 12 13 14 | 14.9
Evocations     | 3 |  3.0
Throwing       | 1 6 7 |  7.4
Stealth        | 1 2 3 |  3.0
Armour         | 3 4 5 |  5.0
Dodging        | 5 6 |  6.8

Action                   |  1- 3 |  4- 6 |  7- 9 | 10-12 | 13-15 || total
-------------------------+-------+-------+-------+-------+-------++-------
Melee: Hand axe          |    92 |   153 |   160 |       |       ||   405
       War axe           |       |       |   273 |   486 |   344 ||  1103
       Dire flail        |       |       |       |       |     6 ||     6
       Executioner's axe |       |       |       |       |     9 ||     9
Throw: Javelin           |       |       |     8 |       |       ||     8
       Tomahawk          |       |       |     2 |    10 |     2 ||    14
       Large rock        |       |       |       |       |     2 ||     2
Invok: Berserk           |     1 |     2 |     7 |     5 |       ||    15
       Trog's Hand       |     1 |       |     2 |       |       ||     3
       Brothers in Arms  |       |       |       |     2 |     2 ||     4
Evoke: Wand              |       |       |       |     8 |       ||     8
  Use: Scroll            |       |     5 |     9 |    11 |     5 ||    30
       Potion            |       |       |       |     3 |       ||     3
 Stab: Sleeping          |       |     4 |     4 |     3 |     2 ||    13
       Confused          |       |       |       |     1 |       ||     1
       Distracted        |       |       |       |       |     1 ||     1
  Eat: Chunk             |     2 |     4 |    13 |    14 |       ||    33
       Ration            |       |     1 |     3 |     3 |     4 ||    11
Armor: Animal skin       |    41 |    67 |   208 |     4 |       ||   320
       Troll leather arm |       |       |       |   216 |   157 ||   373
Dodge: Dodged            |    44 |    97 |   229 |   192 |   195 ||   757

Table legend:
 A = Non-vault XP
 B = Vault XP
 C = Vault XP percentage of total XP
 D = Non-vault monster count
 E = Vault monster count
 F = Vault count percentage of total count
                 A         B        C        D         E       F
            +---------+---------+-------+---------+---------+-------
      Total |   36622 |   10913 |  23.0 |     341 |      70 |  17.0
            +---------+---------+-------+---------+---------+-------
        D:1 |      24 |       0 |   0.0 |      16 |       0 |   0.0
        D:2 |     114 |      42 |  26.9 |      34 |       1 |   2.9
        D:3 |     168 |     231 |  57.9 |      13 |       1 |   7.1
        D:4 |     769 |     169 |  18.0 |      30 |       1 |   3.2
        D:5 |     474 |       0 |   0.0 |      19 |       0 |   0.0
        D:6 |     284 |     159 |  35.9 |       8 |       2 |  20.0
        D:7 |     944 |     226 |  19.3 |      16 |       2 |  11.1
        D:8 |    1034 |     154 |  13.0 |      14 |       8 |  36.4
        D:9 |     524 |     594 |  53.1 |      14 |      17 |  54.8
       D:10 |    2030 |    1713 |  45.8 |      35 |      10 |  22.2
       D:11 |    4463 |       0 |   0.0 |      29 |       0 |   0.0
     Lair:1 |    4538 |     109 |   2.3 |      22 |       2 |   8.3
     Lair:2 |    1491 |     335 |  18.3 |       9 |       2 |  18.2
     Lair:3 |    3314 |       0 |   0.0 |      10 |       0 |   0.0
     Lair:4 |    4949 |     815 |  14.1 |      22 |       2 |   8.3
     Lair:5 |    3958 |       0 |   0.0 |      20 |       0 |   0.0
     Lair:6 |    7544 |    2792 |  27.0 |      30 |       6 |  16.7
    Volcano |       0 |    3574 | 100.0 |       0 |      16 | 100.0
            +---------+---------+-------+---------+---------+-------
